 Dungeon Crawl Stone Soup version 0.19.0-19-g8c6edcc (webtiles) character file.

7447 mopl the Martial Artist (level 11, -8/91 HPs)
             Began as a Hill Orc Transmuter on Nov 14, 2016.
             Was a High Priest of Okawaru.
             Killed by divine providence
             ... invoked by an orc priest
              (13 damage)
             ... on level 9 of the Dungeon.
             The game lasted 00:23:21 (9603 turns).

mopl the Martial Artist (Hill Orc Transmuter)       Turns: 9603, Time: 00:23:22

Health: -8/91      AC:  7    Str: 14    XL:     11   Next: 15%
Magic:  15/18      EV: 19    Int: 13    God:    Okawaru [*****.]
Gold:   418        SH:  0    Dex: 19    Spells: 8 memorised, 1 level left

rFire  . . .     SeeInvis .       - Unarmed
rCold  . . .     Gourm    .     (armour currently unavailable)
rNeg   . . .     Faith    .     (shield currently unavailable)
rPois  x         Spirit   .     (helmet currently unavailable)
rElec  .         Reflect  .     (cloak currently unavailable)
rCorr  .         Harm     .     (gloves currently unavailable)
MR     .....                    (boots currently unavailable)
Stlth  ++........               (no amulet)
                                m - ring of wizardry
                                g - +5 ring of protection {=R}

@: spider-form (expiring)
A: no striking features
a: End Transformation, Heroism, Finesse, Renounce Religion, Convert to Beogh


You were on level 9 of the Dungeon.
You worshipped Okawaru.
Okawaru was extremely pleased with you.
You were near starving.
You were a venomous arachnid creature.
You visited 1 branch of the dungeon, and saw 9 of its levels.

You collected 418 gold pieces.

Inventory:

Hand Weapons
 r - a +2 hand axe of flaming
 A - a +1 arbalest
Missiles
 a - 263 arrows
 b - 2 tomahawks of returning (quivered)
 s - 5 javelins
 y - 89 bolts
 H - 22 tomahawks
 I - 7 poisoned tomahawks
 M - a throwing net
 W - 4 needles of confusion
Armour
 w - a +2 pair of boots (melded)
 K - a +2 leather armour of fire resistance (melded)
 N - a +0 cloak (melded)
 Q - a +1 pair of gloves (melded)
Jewellery
 g - a +5 ring of protection (left front leg) {=R}
 m - a ring of wizardry (right front leg)
 n - an uncursed ring of see invisible
 G - an uncursed ring of resist corrosion
 S - a +4 ring of dexterity
 U - an uncursed ring of ice
 Y - an uncursed ring of magical power
Wands
 v - a wand of heal wounds (4/9)
 F - a wand of flame (36/48)
 J - a wand of iceblast (15/15)
 X - a wand of lightning (9/15)
 Z - a wand of iceblast (8/15)
Scrolls
 h - 4 scrolls of enchant weapon
 l - 2 scrolls of remove curse
 q - a scroll of recharging
 u - 3 scrolls of amnesia
 B - a scroll of noise {unknown}
 L - a scroll of enchant armour {unknown}
 O - a scroll of magic mapping {unknown}
 V - a scroll of blinking {unknown}
Potions
 e - 2 potions of cure mutation {!q}
 f - 2 potions of ambrosia
 i - 3 potions of might
 p - 3 potions of curing
 x - a potion of lignification {!q}
 z - a potion of agility {unknown}
 D - 2 potions of flight {unknown}
 E - a potion of magic {unknown}
 R - 2 potions of cancellation {unknown}
 T - a potion of resistance
Books
 c - a book of Changes

   Spells                             Type                      Level
   a - Beastly Appendage              Transmutation                1
   b - Sticks to Snakes               Transmutation                2
   c - Spider Form                    Transmutation/Poison         3
   d - Ice Form                       Ice/Transmutation            4
   e - Blade Hands                    Transmutation                5
 t - a book of Cantrips

   Spells                             Type                      Level
   a - Confusing Touch                Hexes                        1
   b - Animate Skeleton               Necromancy                   1
   c - Summon Small Mammal            Summoning                    1
   d - Apportation                    Translocation                1
 P - a book of Minor Magic

   Spells                             Type                      Level
   a - Magic Dart                     Conjuration                  1
   b - Blink                          Translocation                2
   c - Call Imp                       Summoning                    2
   d - Repel Missiles                 Charms/Air                   2
   e - Slow                           Hexes                        2
   f - Conjure Flame                  Conjuration/Fire             3
   g - Mephitic Cloud                 Conjuration/Poison/Air       3
Comestibles
 d - 6 bread rations
 j - 8 meat rations
 k - 2 beef jerkies
 o - 7 slices of pizza
 C - 14 fruits


   Skills:
 + Level 6.8 Fighting
 - Level 1.5 Dodging
 * Level 11.6 Unarmed Combat
 - Level 5.0 Spellcasting
 - Level 3.0 Hexes
 - Level 3.0 Charms
 + Level 2.8 Translocations
 + Level 4.3 Transmutations
 + Level 1.2 Ice Magic
 - Level 3.0 Air Magic
 - Level 2.4 Poison Magic
 + Level 3.9 Invocations


You had one spell level left.
You knew the following spells:

 Your Spells              Type           Power        Failure   Level  Hunger
a - Apportation           Tloc           ##........   9%          1    None
b - Spider Form           Tmut/Pois      ##........   13%         3    ###....
c - Blade Hands           Tmut           ##........   67%         5    ######.
d - Ice Form              Ice/Tmut       ##......     47%         4    ####...
i - Repel Missiles        Chrm/Air       ##....       10%         2    ##.....
w - Sticks to Snakes      Tmut           ##......     7%          2    ##.....
x - Animate Skeleton      Necr           N/A          17%         1    None
C - Confusing Touch       Hex            ##....       9%          1    None


Dungeon Overview and Level Annotations

Branches:
Dungeon (9/15)             Temple (0/1) D:4
   Lair: D:8-11         Orc: D:9-12

Altars:
Ashenzari
Dithmenos
Elyvilon
Fedhas
Nemelex Xobeh
Okawaru
Ru
Vehumet
Zin


Message History

Your transformation is almost over.
An orc priest comes into view.
The orc priest moves out of view.
The orc throws a tomahawk.
The tomahawk barely misses you.
You see here a tomahawk.
The orc throws a tomahawk.
The tomahawk hits you.
* * * LOW HITPOINT WARNING * * *
You see here a tomahawk.
You kill the yak!
Okawaru accepts your kill.
The orc throws a tomahawk.
The tomahawk hits you!
* * * LOW HITPOINT WARNING * * *
You see here a tomahawk.
The orc priest invokes the aid of Beogh against you.
Beogh smites you!
* * * LOW HITPOINT WARNING * * *
Okay, then.
The orc priest mumbles some strange prayers to Beogh against you.
Beogh smites you!
You die...

.......####### ...# #.#.#
.......... ..##.. .. #.#.#
....#.#.###.##.###.##.#.#
#..............#..##.#.#
#.#.......##..........)..##
#..#.........# ##.#.......#
#........#.# #.#.....).#
#...=...<..# #.........#
#.##.#.#s### #..#.......
#...†...# #.........# #
##..###.####.#........ #.
#.....o.....#........
..##.####Y..........###.
...o...(####.#.##.# #
##..##)####(####.#.##.#
.......†)..........##.#
.##.#######............


You could see an orc priest.

Vanquished Creatures
  A hydra (D:8)
  Psyche (D:8)
  A kobold demonologist (D:8)
  Grinder (D:6)
  2 dream sheep (D:8)
  Sigmund (D:2)
  2 wyverns
  7 yaks
  A hungry ghost (D:7)
  The ghost of BorisBritva the Poker, an amateur DsGl of Jiyva (D:4)
  Duvessa (D:7)
  2 orc warriors
  A sky beast (D:5)
  A black bear (D:5)
  An ice beast (D:5)
  A phantom (D:7)
  Purgy (D:3)
  6 centaurs
  3 ogres
  2 big kobolds (D:8)
  4 bullfrogs
  Dowan (D:7)
  A water moccasin zombie (D:5)
  3 scorpions
  3 wights (D:6)
  4 howler monkeys
  3 crimson imps
  2 centaur zombies
  A quasit (D:7)
  4 jellies
  A gnoll shaman (D:4)
  8 orc priests
  A bullfrog skeleton (D:7)
  A hound (D:6)
  3 iguanas
  Natasha (twice) (D:2)
  Ijyb (D:3)
  6 orc wizards
  7 worker ants
  A killer bee zombie (D:2)
  2 hound skeletons (D:6)
  9 adders
  12 gnolls
  An ooze (D:2)
  An adder zombie (D:5)
  3 dart slugs
  3 leopard geckos
  27 orcs
  3 bats
  4 giant cockroaches
  7 hobgoblins
  26 jackals
  6 quokkas
  5 ball pythons
  5 frilled lizards
  A giant cockroach zombie (D:5)
  5 goblins
  A jackal skeleton (D:4)
  A jackal zombie (D:8)
  6 kobolds
  A quokka zombie (D:5)
  8 rats
231 creatures vanquished.

Notes
Turn   | Place    | Note
-------+----------+-------------------------------------------
     0 | D:1      | mopl the Hill Orc Transmuter began the quest for the Orb.
     0 | D:1      | Reached XP level 1. HP: 16/16 MP: 3/3
   660 | D:1      | Reached XP level 2. HP: 13/23 MP: 2/4
   825 | D:1      | Learned a level 2 spell: Sticks to Snakes
   965 | D:2      | Reached skill level 2 in Spellcasting
   965 | D:2      | Reached XP level 3. HP: 28/28 MP: 4/6
   979 | D:2      | Learned a level 3 spell: Spider Form
  1021 | D:2      | Found a faded altar of an unknown god.
  1033 | D:2      | Reached skill level 4 in Unarmed Combat
  1067 | D:2      | Became a worshipper of Warmaster Okawaru
  1067 | D:2      | Reached * piety under Okawaru
  1258 | D:2      | Noticed Natasha
  1268 | D:2      | Killed Natasha
  1268 | D:2      | Reached skill level 2 in Transmutations
  1268 | D:2      | Reached XP level 4. HP: 21/35 MP: 7/7
  1369 | D:2      | Noticed Natasha
  1372 | D:2      | Reached skill level 1 in Poison Magic
  1379 | D:2      | Killed Natasha
  1413 | D:2      | Noticed Sigmund
  1428 | D:2      | Killed Sigmund
  1428 | D:2      | Reached skill level 5 in Unarmed Combat
  1428 | D:2      | Reached skill level 2 in Poison Magic
  1428 | D:2      | Reached XP level 5. HP: 30/40 MP: 4/8
  1428 | D:2      | Reached XP level 6. HP: 35/47 MP: 4/9
  1646 | D:2      | Found a glowing silver altar of Zin.
  1649 | D:2      | Found a shattered altar of Ashenzari.
  1660 | D:2      | Found a sparkling altar of Nemelex Xobeh.
  1662 | D:2      | Found a radiant altar of Vehumet.
  1664 | D:2      | Found a sacrificial altar of Ru.
  1741 | D:2      | Found a blossoming altar of Fedhas.
  1942 | D:3      | Learned a level 1 spell: Apportation
  1944 | D:3      | Learned a level 1 spell: Confusing Touch
  2045 | D:3      | Learned a level 1 spell: Animate Skeleton
  2049 | D:3      | Noticed Purgy
  2054 | D:3      | Noticed Ijyb
  2100 | D:2      | Reached skill level 3 in Transmutations
  2390 | D:3      | Killed Ijyb
  2390 | D:3      | Reached skill level 1 in Invocations
  2632 | D:2      | Reached skill level 1 in Hexes
  2878 | D:3      | Reached ** piety under Okawaru
  2879 | D:3      | Reached skill level 2 in Invocations
  2893 | D:3      | Reached XP level 7. HP: 35/52 MP: 7/10
  3155 | D:3      | Killed Purgy
  3155 | D:3      | Reached skill level 3 in Invocations
  3199 | D:4      | Reached skill level 6 in Unarmed Combat
  3203 | D:4      | Reached skill level 2 in Hexes
  3427 | D:4      | Found a staircase to the Ecumenical Temple.
  3456 | D:4      | Noticed BorisBritva's ghost (amateur DsGl)
  3564 | D:4      | Reached skill level 3 in Hexes
  3637 | D:4      | Found an iron altar of Okawaru.
  3670 | D:4      | Reached skill level 7 in Unarmed Combat
  3670 | D:4      | Reached XP level 8. HP: 59/59 MP: 11/11
  3884 | D:4      | Killed BorisBritva's ghost
  4094 | D:5      | Entered Level 5 of the Dungeon
  4094 | D:5      | Found a shadowy altar of Dithmenos.
  4153 | D:5      | Reached skill level 3 in Spellcasting
  4347 | D:5      | Reached *** piety under Okawaru
  4347 | D:5      | Reached skill level 2 in Fighting
  4510 | D:5      | Reached skill level 8 in Unarmed Combat
  4522 | D:5      | Reached skill level 3 in Fighting
  4571 | D:5      | Reached XP level 9. HP: 59/70 MP: 11/14
  4598 | D:5      | Learned a level 4 spell: Ice Form
  4601 | D:5      | Learned a level 2 spell: Repel Missiles
  4836 | D:5      | Reached skill level 9 in Unarmed Combat
  5176 | D:6      | Reached skill level 4 in Fighting
  5230 | D:6      | Received a gift from Okawaru
  5230 | D:6      | Reached skill level 4 in Spellcasting
  5323 | D:6      | Noticed Grinder
  5360 | D:6      | Killed Grinder
  5772 | D:6      | Reached **** piety under Okawaru
  6143 | D:6      | Received a gift from Okawaru
  6579 | D:7      | Reached skill level 10 in Unarmed Combat
  6584 | D:7      | Reached skill level 5 in Fighting
  6584 | D:7      | Reached skill level 5 in Spellcasting
  7164 | D:7      | Reached skill level 1 in Charms
  7164 | D:7      | Reached skill level 1 in Translocations
  7164 | D:7      | Reached skill level 1 in Air Magic
  7164 | D:7      | Reached XP level 10. HP: 33/81 MP: 11/17
  7415 | D:7      | Noticed Duvessa
  7432 | D:7      | Killed Duvessa
  7435 | D:7      | Noticed Dowan
  7446 | D:7      | Killed Dowan
  7528 | D:8      | Noticed a kobold demonologist
  7557 | D:8      | Killed a kobold demonologist
  7635 | D:8      | Learned a level 5 spell: Blade Hands
  7725 | D:8      | Reached skill level 2 in Charms
  7725 | D:8      | Reached skill level 2 in Air Magic
  8107 | D:8      | Noticed Psyche
  8119 | D:8      | Found a white marble altar of Elyvilon.
  8754 | D:8      | Reached skill level 11 in Unarmed Combat
  8754 | D:8      | Reached skill level 2 in Translocations
  8765 | D:8      | Killed Psyche
  8765 | D:8      | Reached skill level 6 in Fighting
  8774 | D:8      | Reached ***** piety under Okawaru
  8806 | D:8      | Noticed a two-headed hydra
  9077 | D:8      | Killed a two-headed hydra
  9077 | D:8      | Reached skill level 4 in Transmutations
  9220 | D:8      | Reached skill level 3 in Air Magic
  9468 | D:8      | Reached XP level 11. HP: 91/91 MP: 18/18
  9565 | D:9      | Reached skill level 3 in Charms
  9577 | D:9      | Reached skill level 1 in Ice Magic
  9601 | D:9      | HP: 4/91 [orc priest/divine providence (9)]
  9603 | D:9      | Killed from afar by an orc priest

Skill      XL: |  1  2  3  4  5  6  7  8  9 10 11 |
---------------+----------------------------------+-----
Spellcasting   | 2 3 5 |  5.0
Unarmed Combat | 4 5 7 8 10 11 | 11.6
Transmutations | 2 3 4 |  4.3
Poison Magic   | 2 |  2.4
Invocations    | 2 3 |  3.9
Hexes          | 1 3 |  3.0
Fighting       | 3 5 6 |  6.8
Charms         | 1 2 3 |  3.0
Translocations | 1 2 |  2.8
Air Magic      | 1 3 |  3.0
Ice Magic      | 1 |  1.2
Dodging        | |  1.5

Action                   |  1- 3 |  4- 6 |  7- 9 | 10-12 || total
-------------------------+-------+-------+-------+-------++-------
Melee: Mace              |    66 |   114 |    85 |       ||   265
       Unarmed           |     4 |    35 |   385 |   246 ||   670
       Short sword       |     4 |       |       |       ||     4
       Headbutt          |     3 |       |       |       ||     3
       Punch             |       |     3 |     3 |    12 ||    18
 Cast: Beastly Appendage |     3 |       |       |       ||     3
       Spider Form       |       |     4 |    23 |     8 ||    35
       Animate Skeleton  |       |       |       |     3 ||     3
       Confusing Touch   |       |       |       |     2 ||     2
Invok: Heroism           |       |       |     8 |     4 ||    12
  Use: Scroll            |       |       |     7 |     7 ||    14
       Potion            |       |       |       |     1 ||     1
 Stab: Confused          |       |       |       |     3 ||     3
  Eat: Chunk             |     1 |     6 |    18 |     7 ||    32
Armor: Robe              |    48 |    35 |       |       ||    83
       Leather armour    |       |    14 |   145 |    60 ||   219
       Skin              |       |     5 |    34 |    11 ||    50
Dodge: Dodged            |    82 |   116 |   365 |   174 ||   737
